 Dungeon Crawl Stone Soup version 0.24-a0-181-gd121a6d (webtiles) character file.

Game seed: 6373079904493015642

1235 galech the Chopper (level 8, -1/61 HPs)
             Began as a Demonspawn Fighter on Mar 14, 2019.
             Was a Believer of Okawaru.
             Slain by Prince Ribbit (10 damage)
             ... on level 5 of the Dungeon.
             The game lasted 00:05:20 (6336 turns).

galech the Chopper (Demonspawn Fighter)             Turns: 6336, Time: 00:05:21

Health: -1/61      AC: 11    Str: 22    XL:     8   Next: 24%
Magic:  8/8        EV:  8    Int:  9    God:    Okawaru [**....]
Gold:   174        SH: 10    Dex: 15    Spells: 7/7 levels left

rFire    + . .     SeeInvis .   a - +0 war axe
rCold    . . .     Gourm    .   c - +0 shield
rNeg     . . .     Faith    .   b - +0 scale mail
rPois    .         Spirit   .   (helmet restricted)
rElec    .         Reflect  .   g - +0 cloak
rCorr    .         Harm     .   u - +0 pair of gloves
MR       .....                  (no boots)
Stlth    ..........             (no amulet)
HPRegen  0.20/turn              e - ring of attention (curse)
MPRegen  0.11/turn              (no ring)

@: mighty
A: horns 1, slimy green scales 1, fire resistance 1
a: Heroism, Renounce Religion


You were on level 5 of the Dungeon.
You worshipped Okawaru.
Okawaru was pleased with you.
You were not hungry.

You visited 1 branch of the dungeon, and saw 5 of its levels.

You collected 174 gold pieces.

Inventory:

Hand Weapons
 a - a +0 war axe (weapon)
Armour
 b - a +0 scale mail (worn)
 c - a +0 shield (worn)
 g - a +0 cloak (worn)
 u - a +0 pair of gloves (worn)
Jewellery
 e - a cursed ring of attention (left hand)
Wands
 s - a wand of acid (9)
Scrolls
 h - 2 scrolls of amnesia
 i - 3 scrolls of magic mapping
 j - 5 scrolls of teleportation
 l - a scroll of fog {unknown}
 n - 3 scrolls of enchant armour
 q - a scroll of blinking {unknown}
 r - a scroll of immolation {unknown}
 t - 2 scrolls of identify
 v - a scroll of fear {unknown}
Potions
 d - a potion of might
 k - a potion of curing {unknown}
 m - a potion of heal wounds
 o - 2 potions of degeneration {unknown}
 p - 2 potions of brilliance {unknown}
Comestibles
 f - 3 rations
 w - a chunk of flesh


   Skills:
 + Level 4.5 Fighting
 + Level 6.0 Axes
 + Level 5.2 Armour
 + Level 1.3 Dodging
 + Level 1.3 Stealth
 + Level 4.4 Shields


You had 7 spell levels left.
You didn't know any spells.
Your spell library was empty.

Dungeon Overview and Level Annotations

Branches:
Dungeon (5/15)
 Temple: D:4-7

Altars:
Elyvilon
Kikubaaqudgha
Okawaru
Qazlal
Ru
Sif Muna
Uskayaw
Xom
Zin

Shops:
D:4 (

Annotations:
D:3 3 runed translucent doors, Lanoc's ghost, amateur DsCK
D:5 Prince Ribbit


Innate Abilities, Weirdness & Mutations

You have a pair of small horns on your head.
You are partially covered in slimy green scales. (AC +2)
Your flesh is heat resistant. (rF+)


Message History

Prince Ribbit croaks regally.
You block the phantom's attack.
You slice the phantom!!
You destroy the phantom!
Okawaru accepts your kill.
Your Axes skill increases to level 6!
Prince Ribbit hits you!
* * * LOW HITPOINT WARNING * * *
Prince Ribbit croaks regally.
You slash Prince Ribbit!
Prince Ribbit is moderately wounded.
Prince Ribbit hits you but does no damage. x2
You closely miss Prince Ribbit. Your headbutt misses Prince Ribbit.
Prince Ribbit is moderately wounded.
Prince Ribbit blinks!
Prince Ribbit closely misses you. You block Prince Ribbit's attack.
You slash Prince Ribbit! Your headbutt misses Prince Ribbit.
Prince Ribbit is severely wounded.
Prince Ribbit hits you!
You die...

...)?. ##+##
......##...## #
......#.....##.#
.............#.#
..............%##
.................
..##..F†.....#
..# #.@.....# #.#
##.....## # #.#
##...##
#..###.######'##
#.........###)#
§§§
##.###.###>.).#
## §§ ##.##
##...## .. §§
#..# #....##.# §
#..## ##...(...#
§


You could see Prince Ribbit.

Vanquished Creatures
  Edmund (D:5)
  2 phantoms
  5 ogres
  A scorpion (D:4)
  2 crimson imps (D:5)
  A hound (D:4)
  A jelly (D:5)
  Crazy Yiuf (D:2)
  Jessica (D:2)
  3 worker ants
  An orc wizard (D:4)
  4 gnolls (D:2)
  3 adders
  A shadow imp (D:4)
  3 oozes
  An adder skeleton (D:4)
  2 dart slugs
  7 leopard geckos
  2 orcs
  4 giant cockroaches
  15 goblins
  8 hobgoblins
  5 jackals (D:1)
  A quokka (D:2)
  2 ball pythons
  7 bats
  4 frilled lizards
  13 kobolds
  A leopard gecko skeleton (D:5)
  11 rats
  3 fungi (D:2)
116 creatures vanquished.

Vanquished Creatures (others)
  3 fungi (D:3)
  A plant (D:3)
4 creatures vanquished.

Grand Total: 120 creatures vanquished

Notes
Turn   | Place    | Note
-------+----------+-------------------------------------------
     0 | D:1      | galech the Demonspawn Fighter began the quest for the Orb.
     0 | D:1      | Reached XP level 1. HP: 18/18 MP: 1/1
    45 | D:1      | Gained mutation: Your flesh is heat resistant. (rF+)
                  | [demonic ancestry]
    45 | D:1      | Reached XP level 2. HP: 10/24 MP: 2/2
   404 | D:1      | Reached skill level 2 in Axes
   404 | D:1      | Reached XP level 3. HP: 25/29 MP: 3/3
  1020 | D:2      | Found an iron altar of Okawaru.
  1028 | D:2      | Became a worshipper of Warmaster Okawaru
  1584 | D:2      | Reached XP level 4. HP: 26/35 MP: 4/4
  1600 | D:2      | Reached skill level 3 in Axes
  2261 | D:2      | Noticed Jessica
  2270 | D:2      | Killed Jessica
  2517 | D:2      | Gained mutation: You have a pair of small horns on your
                  | head. [demonic ancestry]
  2517 | D:2      | Reached XP level 5. HP: 35/41 MP: 5/5
  2744 | D:2      | Found a runed translucent door.
  2745 | D:2      | Noticed Crazy Yiuf
  2752 | D:2      | Killed Crazy Yiuf
  3016 | D:3      | Found a hide-covered altar of Uskayaw.
  3428 | D:3      | Found a runed translucent gate.
  3428 | D:3      | Found a runed translucent gate.
  3431 | D:3      | Identified the +7 whip of Accord {elec, Dex+4}
  3436 | D:3      | Found a runed translucent gate.
  3436 | D:3      | Noticed Lanoc's ghost (amateur DsCK)
  3851 | D:3      | Found an ancient bone altar of Kikubaaqudgha.
  3851 | D:3      | Found a shimmering altar of Xom.
  3852 | D:3      | Found a deep blue altar of Sif Muna.
  3921 | D:3      | Found a white marble altar of Elyvilon.
  3953 | D:3      | Found a glowing silver altar of Zin.
  3953 | D:3      | Noticed an angel
  4155 | D:4      | Noticed a phantom
  4164 | D:4      | Killed a phantom
  4164 | D:4      | Reached XP level 6. HP: 43/48 MP: 6/6
  4264 | D:4      | Reached * piety under Okawaru
  4264 | D:4      | Reached skill level 4 in Axes
  4858 | D:4      | Found Kyqud's Weapon Shop.
  4902 | D:4      | Reached skill level 1 in Dodging
  4902 | D:4      | Gained mutation: You are partially covered in slimy green
                  | scales. (AC +2) [demonic ancestry]
  4902 | D:4      | Reached XP level 7. HP: 14/53 MP: 7/7
  5449 | D:4      | Found a sacrificial altar of Ru.
  5505 | D:4      | Reached skill level 5 in Axes
  5745 | D:5      | Entered Level 5 of the Dungeon
  6028 | D:5      | Found a stormy altar of Qazlal.
  6072 | D:5      | Reached ** piety under Okawaru
  6183 | D:5      | Reached skill level 1 in Stealth
  6301 | D:5      | Noticed Edmund
  6303 | D:5      | Reached XP level 8. HP: 40/61 MP: 8/8
  6312 | D:5      | Killed Edmund
  6312 | D:5      | Reached skill level 5 in Armour
  6313 | D:5      | Noticed Prince Ribbit
  6330 | D:5      | Reached skill level 6 in Axes
  6336 | D:5      | Slain by Prince Ribbit

Levels and vault maps discovered:
D:1:      noname_arrival_rooms_in_the_neighbourhood, layout_basic,
          minmay_tromino_v4_c
D:2:      layout_basic, kennysheep_okawaru_gauntlet, first_ration,
          corexii_corridor_pit, uniq_jessica, uniq_crazy_yiuf_cottage
D:3:      layout_basic, zin_angel, eat_drink_and_be_merry_uskayaw,
          nicolae_overflow_quartered_altars, gammafunk_ghost_nasty_kobolds,
          columned_hall_lemuel
D:4:      layout_loops_corners, nicolae_ru_great_annihilating_truth,
          serial_shops, nicolae_shop_crystal, kennysheep_small_square
D:5:      layout_loops_corners, nicolae_qazlal_eye_of_the_storm,
          kennysheep_mini, uniq_prince_ribbit1, uniq_edmund

Skill      XL: |  1  2  3  4  5  6  7  8 |
---------------+-------------------------+-----
Armour         | 3 4 5 |  5.2
Shields        | 3 4 |  4.4
Axes           | 2 3 4 5 6 |  6.0
Dodging        | 1 |  1.3
Fighting       | 4 |  4.5
Stealth        | 1 |  1.3

Action                   |  1- 3 |  4- 6 |  7- 9 || total
-------------------------+-------+-------+-------++-------
Melee: War axe           |   135 |   148 |    97 ||   380
       Headbutt          |       |    17 |    21 ||    38
  Use: Potion            |       |     1 |     1 ||     2
       Scroll            |       |     4 |       ||     4
 Stab: Paralysed         |       |       |     1 ||     1
  Eat: Chunk             |     2 |     8 |     4 ||    14
       Ration            |       |     1 |       ||     1
Armor: Scale mail        |    71 |    52 |    40 ||   163
Dodge: Dodged            |    50 |    43 |    31 ||   124
Block: Shield            |    82 |    74 |    42 ||   198

Table legend:
 A = Non-vault XP
 B = Vault XP
 C = Vault XP percentage of total XP
 D = Non-vault monster count
 E = Vault monster count
 F = Vault count percentage of total count
                 A         B        C        D         E       F
            +---------+---------+-------+---------+---------+-------
      Total |    1350 |     415 |  23.5 |     104 |       9 |   8.0
            +---------+---------+-------+---------+---------+-------
        D:1 |      66 |       1 |   1.5 |      35 |       1 |   2.8
        D:2 |      95 |      76 |  44.4 |      26 |       2 |   7.1
        D:3 |      40 |       0 |   0.0 |      14 |       0 |   0.0
        D:4 |     465 |     167 |  26.4 |      17 |       5 |  22.7
        D:5 |     684 |     171 |  20.0 |      12 |       1 |   7.7
            +---------+---------+-------+---------+---------+-------
